 Dungeon Crawl Stone Soup version 0.26-a0-651-gb41185065b (webtiles) character file.

Game seed: 3809393504994579161

93055 Irenicus the Earth Mage (level 15, -5/111 HPs)
             Began as a Deep Dwarf Earth Elementalist on Oct 19, 2020.
             Was the Champion of Makhleb.
             Slain by a phantasmal warrior (17 damage)
             ... led by a death knight
             ... on level 11 of the Dungeon on Oct 20, 2020.
             The game lasted 01:57:10 (11846 turns).

Irenicus the Earth Mage (DDEE)                     Turns: 11846, Time: 01:57:10

Health: -5/111     AC:  8    Str: 13    XL:     15   Next: 59%
Magic:  22/31      EV: 15    Int: 33    God:    Makhleb [******]
Gold:   1735       SH:  5    Dex: 17    Spells: 18/38 levels left

rFire    . . .     SeeInvis .   l - +9 falchion (vamp)
rCold    . . .     Faith    .   b - +0 buckler
rNeg     + . .     Spirit   .   L - +0 leather armour "Keforph" {Regen+ Dex+4}
rPois    .         Reflect  .   j - +0 helmet
rElec    .         Harm     .   s - scarf {repulsion}
rCorr    .         Rampage  .   v - +0 pair of gloves
MR       ++...                  r - +2 pair of boots
Stlth    ++++......             Q - amulet of the acrobat
HPRegen  0.00/turn              i - +6 ring of intelligence
MPRegen  0.22/turn              N - +6 ring of intelligence

@: non-regenerating, repel missiles
A: damage resistance, heal wounds, negative energy resistance 1, sense
surroundings 2, no regeneration
a: Heal Wounds, Minor Destruction, Lesser Servant of Makhleb, Major Destruction,
Greater Servant of Makhleb, Renounce Religion


You were on level 11 of the Dungeon.
You worshipped Makhleb.
Makhleb was exalted by your worship.
You visited 5 branches of the dungeon, and saw 24 of its levels.

You collected 2621 gold pieces.
You spent 886 gold pieces at shops.

Inventory:

Hand Weapons
 f - a +1 dagger of freezing
   (You took it off a goblin on level 1 of the Dungeon)
 l - a +9 vampiric falchion (weapon)
   (You took it off Robin on level 3 of the Dungeon)
 K - a +2 whip of venom
   (You found it on level 10 of the Dungeon)
Missiles
 J - 110 stones (quivered)
Armour
 a - the +0 cloak of Dramatic Exits {MR+}
   (You bought it in a shop on level 13 of the Dungeon)

   It affects your resistance to hostile enchantments.
 b - a +0 buckler (worn)
   (You found it on level 6 of the Lair of Beasts)
 j - a +0 helmet (worn)
   (You took it off Robin on level 3 of the Dungeon)
 p - a +0 ring mail
   (You found it on level 2 of the Dungeon)
 r - a +2 pair of boots (worn)
   (You found it on level 6 of the Dungeon)
 s - a scarf of repulsion (worn)
   (You found it on level 10 of the Dungeon)
 v - a +0 pair of gloves (worn)
   (You found it on level 10 of the Dungeon)
 y - a +1 kite shield of fire resistance
   (You took it off a tengu warrior on level 9 of the Dungeon)
 F - a scarf of resistance
   (You found it on level 8 of the Dungeon)
 L - the +0 leather armour "Keforph" (worn) {Regen+ Dex+4}
   (You bought it in a shop on level 13 of the Dungeon)

   It affects your dexterity (+4).
   It increases your rate of regeneration.
Magical Staves
 M - an uncursed staff of conjuration {!a}
   (You found it on level 11 of the Dungeon)
Jewellery
 i - a +6 ring of intelligence (left hand)
   (You found it on level 1 of the Dungeon)
 z - an uncursed ring of resist corrosion
   (You found it on level 7 of the Dungeon)
 D - an uncursed ring of poison resistance {rPois, !d}
   (You found it on level 10 of the Dungeon)
 N - a +6 ring of intelligence (right hand)
   (You found it on level 11 of the Dungeon)
 Q - an amulet of the acrobat (around neck)
   (You found it on level 1 of the Lair of Beasts)
Wands
 c - a wand of flame (12)
   (You found it on level 1 of the Elven Halls)
 B - a wand of iceblast (2)
   (You found it on level 7 of the Dungeon)
 P - a wand of acid (5)
   (You found it on level 1 of the Lair of Beasts)
Scrolls
 d - 3 scrolls of teleportation
 g - 2 scrolls of fog
 k - 2 scrolls of magic mapping {!r}
 m - a scroll of fear
 n - 4 scrolls of blinking {!r}
 q - 5 scrolls of immolation {!r}
 E - 5 scrolls of remove curse
 S - 5 scrolls of enchant weapon
 T - 9 scrolls of identify
 V - a scroll of holy word {!r}
Potions
 e - 2 potions of invisibility
 h - 5 potions of flight
 t - 6 potions of haste
 u - 2 potions of cancellation
 w - 4 potions of curing
 x - 3 potions of heal wounds
 A - a potion of ambrosia
 C - a potion of lignification {!q}
 I - a potion of might
 O - a potion of magic
 R - 2 potions of mutation {!q}
Miscellaneous
 H - a condenser vane (2/2)
   (You bought it in a shop on level 10 of the Dungeon)


   Skills:
 - Level 1.0 Fighting
 - Level 6.0 Dodging
 - Level 10.3 Stealth
 - Level 4.0 Shields
 - Level 12.3 Spellcasting
 - Level 11.3 Necromancy
 - Level 5.0 Translocations
 - Level 0.8 Transmutations
 + Level 19.1 Earth Magic
 - Level 14.1 Evocations


You had 18 spell levels left.
You knew the following spells:

 Your Spells              Type           Power        Failure   Level
a - Sandblast             Erth           ######       0%          1
b - Corpse Rot            Necr/Air       N/A          1%          2
c - Passage of Golubria   Tloc           N/A          3%          4
g - Apportation           Tloc           ######       1%          1
r - Sublimation of Blood  Necr           #######...   1%          2
w - Passwall              Tmut/Erth      ######..     1%          2
x - Stone Arrow           Conj/Erth      ######       1%          3
z - Lee's Rapid Deconstr  Erth           #######...   1%          5

Your spell library contained the following spells:

 Spells                   Type           Power        Failure   Level
 Animate Skeleton         Necr           ######       1%          1
 Blink                    Tloc           N/A          1%          2
 Gell's Gravitas          Tloc           ######....   1%          3
 Lesser Beckoning         Tloc           ######....   1%          3
 Teleport Other           Tloc           ######..     1%          3
 Dispel Undead            Necr           #######.     1%          4
 Leda's Liquefaction      Hex/Erth       ######....   1%          4
 Petrify                  Tmut/Erth      ######..     1%          4
 Agony                    Necr           #######.     1%          5
 Excruciating Wounds      Necr           #######...   1%          5
 Sting                    Tmut/Pois      ###.         2%          1
 Corona                   Hex            ###....      3%          1
 Foxfire                  Conj/Fire      ###.         3%          1
 Shock                    Conj/Air       ###.         3%          1
 Summon Small Mammal      Summ           ###.         3%          1
 Ensorcelled Hibernation  Hex/Ice        ###...       4%          2
 Poisonous Vapours        Pois/Air       ###...       4%          2
 Swiftness                Air            ###.....     4%          2
 Bolt of Magma            Conj/Fire/Erth ######....   6%          5
 Statue Form              Tmut/Erth      ######...    7%          6
 Ignite Poison            Fire/Tmut/Pois ###.....     8%          3
 Confusing Touch          Hex            ###.....     9%          3
 Conjure Flame            Conj/Fire      ###.....     9%          3
 Dazzling Flash           Conj/Hex       ###...       9%          3
 Inner Flame              Hex/Fire       ###.....     9%          3
 Mephitic Cloud           Conj/Pois/Air  ###.....     9%          3
 Static Discharge         Conj/Air       ###.....     9%          3
 Tukima's Dance           Hex            ###.....     9%          3
 Iron Shot                Conj/Erth      ######....   9%          6
 Airstrike                Air            ###.......   28%         4
 Olgreb's Toxic Radiance  Pois           ###.....     28%         4
 Sticky Flame             Conj/Fire      ###.....     28%         4
 Summon Forest            Summ/Tloc      #####.....   28%         5
 Irradiate                Conj/Tmut      ###.......   54%         5
 Fireball                 Conj/Fire      ###.......   63%         5
 Lightning Bolt           Conj/Air       ###.......   63%         5
 Summon Demon             Summ           ###.......   63%         5
 Summon Mana Viper        Hex/Summ       ###.....     63%         5
 Shatter                  Erth           #######...   75%         9
 Hydra Form               Tmut           ####......   97%         6
 Shadow Creatures         Summ           N/A          99%         6
 Dragon Form              Tmut           ####......   100%        7
 Malign Gateway           Summ/Tloc      #####.....   100%        7
 Summon Hydra             Summ           ###.......   100%        7


Dungeon Overview and Level Annotations

Branches:
Dungeon (13/15)            Temple (1/1) D:5            Lair (6/6) D:8
  Snake (0/4) Lair:3        Slime (0/5) Lair:5          Orc (2/2) D:12
    Elf (2/3) Orc:2        Vaults (0/5) D:13
  Swamp: Lair:2-4    Shoals: Lair:2-4

Altars:
Gozag
Hepliaklqana
Kikubaaqudgha
Makhleb
Nemelex Xobeh
Okawaru
Qazlal
Sif Muna
Trog
Uskayaw
Vehumet
Beogh

Shops:
D:7 (   D:8 [}   D:9 [   D:10 }!![(   D:12 (   D:13 [[*   Orc:2 =([?:

Annotations:
D:12 3 runed translucent doors, Racvoan's ghost, journeyman DsGl
D:13 Frances
Lair:4 exclusions: 3 oklob plants and upstairs
Elf:2 3 runed translucent doors


Innate Abilities, Weirdness & Mutations

You are resistant to damage.
You can heal yourself by infusing magical energy.
You resist negative energy. (rN+)
You passively map the area around you.
You do not regenerate.


Message History

Aiming: Lee's Rapid Deconstruction (safe; 1% risk of failure)
Press: ? - help, Dir - move target cursor, f/p - +3 vorpal glaive Fragment what (e.g. wall or brittle monster)?: a +3 vorpal glaive (lightly damaged)
An open door.
The stone door frame shatters!
The blast of rock fragments hits the +3 vorpal glaive but does no damage.
The +3 vorpal glaive is lightly damaged.
The +3 vorpal glaive hits you from afar!!
* * * LOW HITPOINT WARNING * * *
You take 32 damage, and have 12/111 hp.
MASSIVE DAMAGE!!
You now have 0/31 mp.
Really read
n - 5 scrolls of blinking {!r}?
Press: ? - help, Dir - move target cursor, p - +3 vorpal glaive
As you read the scroll of blinking {!r}, it crumbles to dust.
There is an escape hatch in the ceiling here.
A mysterious force pulls you upwards. The hatch slams shut behind you.
Things that are here:
a +0 long sword; a +0 rapier You see here a cursed -2 long sword.
You are no longer poisoned.
There is an open door here.
Things that are here:
a +0 ring mail; a +0 long sword; a +0 dagger
There is a huge open gate here.
Things that are here:
a +0 chain mail; a +0 dagger You see here a +0 long sword.
There is a staircase back to the Mines here.
You regained 10 mp, and now have 11/31 mp.
You climb upwards.
Welcome back to the Orcish Mines!
There is a staircase to the Elven Halls here.
Casting: Lee's Rapid Deconstruction (safe; 1% risk of failure)
Confirm with . or Enter, or press ? or * to list all spells.
Aiming: Apportation (safe; 1% risk of failure)
Press: ? - help, Dir - move target cursor Apport: 17 gold pieces Yoink!
You pull the items towards yourself.
You now have 1735 gold pieces (gained 17).
Save game and exit?
Welcome back, Irenicus the Deep Dwarf Earth Elementalist.
Blood and souls for Makhleb!
Press ? for a list of commands and other information.
Press: ? - help, v - describe, . - travel A staircase to the Elven Halls.
Unknown command.
Unknown command.
Unknown command.
Okay, then.
You repel missiles.
Your movement speed is average.
Your attack speed is quite slow.
Your base attributes are Str 13, Int 21, Dex 13.
Unknown command.
Inscribe which item? (? for menu, Esc to quit)
Okay, then.
Okay, then.
Unknown command.
You have 1735 gold pieces.
Search for what [? for help]? shop
(D) Dungeon (T) Temple (L) Lair (P) Snake Pit (M) Slime Pits (O) Orcish Mines (E) Elven Halls (V) Vaults
Where to? (? - help)
What level of the Orcish Mines? (default 1, ? - help)
Okay, then.
(D) Dungeon (T) Temple (L) Lair (P) Snake Pit (M) Slime Pits (O) Orcish Mines (E) Elven Halls (V) Vaults
Where to? (? - help)
What level of the Orcish Mines? (default 1, ? - help)
There is a stone staircase leading up here.
You climb upwards.
There is a stone staircase leading down here.
There is a staircase back to the Dungeon, spattered with blood here.
You climb upwards.
Welcome back to the Dungeon!
Level annotation: 3 runed translucent doors, Racvoan's ghost, journeyman DsGl
There is a staircase to the Orcish Mines here.
You regained 5 mp, and now have 16/31 mp.
Search for what [Enter for "shop", or ? for help]?
Things that are here:
a +0 leather armour; a +0 chain mail; a +1 scimitar of freezing
Things that are here:
a +0 chain mail; a +0 war axe
There is a stone staircase leading up here.
You regained 5 mp, and now have 21/31 mp.
You climb upwards.
The phantasmal warrior barely misses you.
There is a stone staircase leading down here.
Really read
n - 4 scrolls of blinking {!r}?
Okay, then.
The phantasmal warrior hits you!!
You die...

#....<.?...#
#.........#
#..........#
#...>.....#
#.)....h...#
#.........#
#..........#
#.........#
#########+##
#.........# #
#..[p.z...# .#
####)W....## ####.#*
##..[[###### #....#
#...@.#...#
#####)###########W#.#.#
#..<.[.....##...#...#.#
#.....[....##.#######.#
#..........##...#.....#
+...........###.#.#####
#..(........#...#...#.#
#...........#.#####.#.#
#...........#.....#.#.#


You could see a death knight (wandering), a skeletal warrior (wandering), a
phantasmal warrior and a freezing wraith.

Vanquished Creatures
  Saint Roka (Orc:2)
  Rupert (D:13)
  2 deep elf demonologists (Elf:1)
  A deep elf death mage (Elf:1)
  Josephine (Lair:4)
  A rakshasa (D:9)
  2 hydras
  8 vault guards (D:13)
  7 two-headed ogres
  2 tengu warriors (D:9)
  5 dancing weapons (Elf:2)
  An orc high priest (Orc:2)
  Sonja (Orc:2)
  10 deep elf knights
  2 unseen horrors
  3 deep elf archers (Elf:2)
  35 deep elf magi
  3 ugly things
  An orc sorcerer (Orc:2)
  4 orc knights (Orc:2)
  2 slime creatures (D:13)
  A cyclops (D:11)
  2 wolf spiders (Lair:6)
  12 elephants (Lair:6)
  A manticore (D:12)
  A centaur zombie (D:13)
  A merfolk siren (Lair:4)
  5 black mambas
  8 cane toads
  A guardian serpent (Lair:6)
  A gargoyle (D:12)
  2 efreet
  8 komodo dragons
  A rime drake (Lair:5)
  A freezing wraith (D:9)
  7 trolls
  A queen bee (D:10)
  A polar bear (Lair:3)
  A merfolk (Lair:4)
  2 hornets
  11 hippogriffs
  3 air elementals (Elf:2)
  6 wyverns
  A basilisk (D:12)
  A vampire (D:10)
  4 wraiths (Lair:4)
  39 yaks
  3 vampire mosquitoes
  7 wargs
  An acid dragon (D:10)
  13 water moccasins
  7 porcupines
  6 sky beasts
  3 ice beasts
  20 orc warriors
  An eye of draining (D:8)
  16 ogres
  A centaur (D:6)
  9 wolves
  14 crocodiles
  A crocodile (shapeshifter) (D:11)
  2 big kobolds
  15 bullfrogs
  An earth elemental (Elf:2)
  5 scorpions
  21 killer bees
  13 wights
  5 howler monkeys
  2 electric eels (D:10)
  A bullfrog zombie (D:12)
  4 bullfrog skeletons
  A lava snake (D:7)
  2 quasits
  5 jellies
  17 orc priests
  Crazy Yiuf (D:3)
  4 centaur skeletons
  5 hounds
  31 orc wizards
  2 gnoll shamans
  Natasha (twice) (D:3)
  2 iguanas
  10 worker ants
  A killer bee zombie (D:8)
  A hound skeleton (D:7)
  2 howler monkey zombies (D:5)
  A worker ant zombie (D:11)
  Robin (D:3)
  8 gnolls
  A howler monkey skeleton (D:4)
  10 adders
  2 shadow imps
  A white imp (D:5)
  2 ufetubi (D:8)
  3 oozes (Lair:5)
  An adder skeleton (D:5)
  5 worms
  3 dart slugs (D:1)
  6 leopard geckos
  102 orcs
  5 giant cockroaches
  14 goblins
  13 hobgoblins
  10 jackals
  4 quokkas
  5 bats
  6 frilled lizards
  A jackal zombie (D:7)
  13 kobolds
  A leopard gecko skeleton (D:5)
  2 quokka skeletons
  A quokka zombie (D:6)
  8 rats
701 creatures vanquished.

Vanquished Creatures (collateral kills)
  A black mamba (Lair:6)
  A yak (Lair:6)
2 creatures vanquished.

Vanquished Creatures (others)
  An elephant (Lair:6)
  A cane toad (Lair:6)
  A yak (Lair:6)
  41 fungi
  74 plants
118 creatures vanquished.

Grand Total: 821 creatures vanquished

Notes
Turn   | Place    | Note
-------+----------+-------------------------------------------
     0 | D:1      | Irenicus the Deep Dwarf Earth Elementalist began the quest
                  | for the Orb.
     0 | D:1      | Reached XP level 1. HP: 15/15 MP: 3/3
   100 | D:1      | Reached XP level 2. HP: 20/22 MP: 2/4
   105 | D:1      | Reached skill level 5 in Earth Magic
   205 | D:1      | Learned a level 2 spell: Passwall
   262 | D:1      | Reached XP level 3. HP: 21/28 MP: 5/5
   499 | D:2      | Reached skill level 6 in Earth Magic
   604 | D:2      | Reached XP level 4. HP: 23/36 MP: 2/6
   673 | D:2      | Reached skill level 7 in Earth Magic
   943 | D:3      | Found a runed translucent door.
   944 | D:3      | Noticed Crazy Yiuf
   952 | D:3      | Killed Crazy Yiuf
   952 | D:3      | Reached XP level 5. HP: 29/42 MP: 4/7
  1153 | D:3      | Noticed Robin
  1213 | D:3      | Killed Robin
  1213 | D:3      | Reached skill level 8 in Earth Magic
  1280 | D:3      | Noticed Natasha
  1290 | D:3      | Killed Natasha
  1352 | D:3      | Noticed Natasha
  1356 | D:3      | Killed Natasha
  1554 | D:4      | Reached skill level 9 in Earth Magic
  1554 | D:4      | Reached XP level 6. HP: 36/49 MP: 4/8
  1637 | D:4      | Reached skill level 10 in Earth Magic
  1836 | D:4      | Reached XP level 7. HP: 23/55 MP: 1/9
  1906 | D:4      | Reached skill level 2 in Spellcasting
  2015 | D:5      | Entered Level 5 of the Dungeon
  2048 | D:5      | Reached skill level 3 in Spellcasting
  2052 | D:5      | Found a staircase to the Ecumenical Temple.
  2059 | Temple   | Entered the Ecumenical Temple
  2064 | Temple   | Became a worshipper of Makhleb the Destroyer
  2161 | D:5      | Reached skill level 4 in Spellcasting
  2220 | D:5      | Reached XP level 8. HP: 22/62 MP: 6/15
  2303 | D:6      | HP: 15/62 [worker ant (2)]
  2304 | D:6      | Reached skill level 5 in Spellcasting
  2338 | D:6      | HP: 6/62 [centaur/arrow (9)]
  2346 | D:6      | Reached skill level 3 in Dodging
  2353 | D:6      | Found the brooch of Shielding {Spirit SH+8}
  2417 | D:6      | Reached * piety under Makhleb
  2430 | D:6      | Learned a level 1 spell: Apportation
  2448 | D:6      | Reached skill level 4 in Dodging
  2645 | D:6      | Reached skill level 5 in Dodging
  2688 | D:6      | Found an iron altar of Okawaru.
  2721 | D:7      | Reached skill level 6 in Dodging
  2729 | D:7      | Reached skill level 3 in Stealth
  2734 | D:7      | HP: 15/62 [killer bee (6)]
  2735 | D:7      | Reached skill level 4 in Stealth
  2765 | D:7      | Reached ** piety under Makhleb
  2765 | D:7      | Reached skill level 5 in Stealth
  2862 | D:7      | Reached skill level 6 in Stealth
  2862 | D:7      | Gained mutation: You passively map the area around you.
                  | [Deep Dwarf growth]
  2862 | D:7      | Reached XP level 9. HP: 27/68 MP: 11/16
  2897 | D:7      | Reached skill level 1 in Fighting
  2911 | D:7      | Learned a level 5 spell: Lee's Rapid Deconstruction
  2953 | D:7      | Learned a level 3 spell: Stone Arrow
  2955 | D:7      | Found Cyhyej's Antique Weapon Boutique.
  2972 | D:7      | Irenicus: ?? scytheof curse
  2972 | D:7      | beem: scytheof curse ~ scythe of curses[1/3]: +13 scythe of
                  | draining which curses your equipment and inflicts
                  | necromancy miscasts on living targets it hits. Better than
                  | most bardiches!
  3017 | D:7      | Found a hazy altar of Hepliaklqana.
  3263 | D:7      | Reached skill level 6 in Spellcasting
  3520 | D:8      | Reached skill level 7 in Spellcasting
  3540 | D:8      | Reached *** piety under Makhleb
  3573 | D:8      | Found Tizee's Armour Shop.
  3602 | D:8      | Reached skill level 8 in Spellcasting
  3628 | D:8      | Found a staircase to the Lair.
  3815 | D:8      | Found Faroc's Gadget Shop.
  3876 | D:8      | Reached XP level 10. HP: 78/78 MP: 9/22
  3927 | D:8      | Found a hazy altar of Hepliaklqana.
  4124 | D:9      | Noticed a deep elf mage
  4124 | D:9      | Noticed a green ugly thing
  4128 | D:9      | Noticed a tengu warrior
  4128 | D:9      | Noticed a rakshasa
  4178 | D:9      | Reached skill level 9 in Spellcasting
  4197 | D:9      | Noticed a two-headed ogre
  4226 | D:9      | Killed a two-headed ogre
  4305 | D:10     | Entered Level 10 of the Dungeon
  4305 | D:10     | Found Cyherrir's Antique Armour Boutique.
  4355 | D:10     | Found Haov Bei's Distillery.
  4371 | D:10     | Found Rosuloqi's Gadget Boutique.
  4374 | D:10     | Bought a condenser vane (2/2) for 260 gold pieces
  4410 | D:10     | Killed an unseen horror
  4410 | D:10     | Reached skill level 10 in Spellcasting
  4513 | D:10     | Reached skill level 1 in Evocations
  4526 | D:10     | Reached skill level 2 in Evocations
  4541 | D:10     | Reached skill level 3 in Evocations
  4557 | D:10     | Noticed a two-headed ogre
  4568 | D:10     | Killed a two-headed ogre
  4568 | D:10     | Reached skill level 5 in Evocations
  4572 | D:10     | Reached skill level 6 in Evocations
  4604 | D:10     | Reached **** piety under Makhleb
  4691 | D:10     | Found Immuk's Distillery.
  4759 | D:10     | Found Ryjeulys's Weapon Emporium.
  4807 | D:10     | Reached skill level 7 in Evocations
  4899 | D:10     | Reached skill level 8 in Evocations
  4899 | D:10     | Reached XP level 11. HP: 84/84 MP: 10/25
  5007 | D:11     | Noticed a death knight
  5007 | D:11     | Noticed a skeletal warrior
  5007 | D:11     | Noticed a phantasmal warrior
  5077 | D:9      | Found Boschas's Armour Boutique.
  5088 | D:9      | Killed a green ugly thing
  5088 | D:9      | Reached skill level 9 in Evocations
  5091 | D:9      | Noticed a tengu warrior
  5127 | D:9      | Killed a deep elf mage
  5132 | D:9      | HP: 18/84 [rakshasa/+0 trident (6)]
  5137 | D:9      | Killed a rakshasa
  5137 | D:9      | Reached skill level 10 in Evocations
  5312 | D:9      | Killed a tengu warrior
  5312 | D:9      | Reached skill level 11 in Evocations
  5523 | D:9      | Killed a tengu warrior
  5523 | D:9      | Reached skill level 12 in Evocations
  5589 | D:11     | Killed an unseen horror
  5634 | D:11     | Noticed a red ugly thing
  5642 | D:11     | Killed a cyan ugly thing
  5670 | D:11     | Reached skill level 13 in Evocations
  5957 | D:11     | Noticed a two-headed ogre
  5964 | D:11     | Killed a two-headed ogre
  5964 | D:11     | Reached skill level 14 in Evocations
  6145 | Lair:1   | Entered Level 1 of the Lair of Beasts
  6185 | Lair:1   | Noticed a six-headed hydra
  6197 | Lair:1   | Killed a six-headed hydra
  6200 | Lair:1   | Reached XP level 12. HP: 83/91 MP: 11/26
  6381 | Lair:1   | Reached skill level 11 in Spellcasting
  6562 | Lair:2   | Reached ***** piety under Makhleb
  6804 | Lair:2   | Reached skill level 7 in Stealth
  6959 | Lair:3   | Reached skill level 8 in Stealth
  7017 | Lair:3   | Noticed a death yak
  7019 | Lair:3   | Noticed a five-headed hydra
  7079 | Lair:3   | Reached skill level 9 in Stealth
  7261 | Lair:3   | Reached skill level 10 in Stealth
  7353 | Lair:3   | Found a staircase to the Snake Pit.
  7397 | Lair:3   | Noticed a death yak
  7397 | Lair:3   | Noticed a death yak
  7398 | Lair:3   | Noticed a death yak
  7398 | Lair:3   | Noticed a death yak
  7460 | Lair:4   | Noticed Josephine
  7467 | Lair:4   | Killed Josephine
  7469 | Lair:4   | Reached skill level 12 in Spellcasting
  7517 | Lair:4   | Noticed a four-headed hydra
  7893 | Lair:4   | Reached skill level 11 in Earth Magic
  7945 | Lair:5   | Learned a level 2 spell: Sublimation of Blood
  7948 | Lair:5   | Learned a level 2 spell: Corpse Rot
  7996 | Lair:5   | Found a staircase to the Slime Pits.
  8007 | Lair:5   | Reached skill level 1 in Necromancy
  8007 | Lair:5   | Reached XP level 13. HP: 63/97 MP: 18/29
  8064 | Lair:6   | Entered Level 6 of the Lair of Beasts
  8083 | Lair:6   | Reached skill level 2 in Necromancy
  8131 | Lair:6   | Reached skill level 3 in Necromancy
  8145 | Lair:6   | Reached skill level 4 in Necromancy
  8239 | Lair:6   | Reached skill level 5 in Necromancy
  8338 | Lair:6   | Reached skill level 6 in Necromancy
  8358 | Lair:6   | Reached ****** piety under Makhleb
  8443 | Lair:6   | Reached skill level 7 in Necromancy
  8580 | Lair:6   | Reached skill level 8 in Necromancy
  8670 | Lair:6   | Reached skill level 9 in Necromancy
  8769 | Lair:4   | Reached skill level 10 in Necromancy
  9113 | D:12     | Reached skill level 11 in Necromancy
  9191 | D:12     | Found a runed translucent gate.
  9191 | D:12     | Found a runed translucent gate.
  9191 | D:12     | Found a runed translucent gate.
  9193 | D:12     | Noticed Racvoan's ghost (journeyman DsGl)
  9321 | D:12     | Found Faoza's Weapon Boutique.
  9328 | D:12     | Found a staircase to the Orcish Mines.
  9502 | D:13     | Found Ysabrid's Assorted Antiques.
  9511 | D:13     | Bought a spiked leather armour for 210 gold pieces
  9511 | D:13     | Bought a scroll labeled CALIJO ICSUIBUNAV for 30 gold
                  | pieces
  9511 | D:13     | Bought a glowing bronze wand for 120 gold pieces
  9522 | D:13     | Identified the +0 leather armour "Keforph" {Regen+ Dex+4}
                  | (You bought it in a shop on level 13 of the Dungeon)
  9532 | D:13     | Found Oziski Etaku's Armour Shop.
  9586 | D:13     | Found Coesod's Antique Armour Emporium.
  9591 | D:13     | Bought an ancient cloak for 266 gold pieces
  9601 | D:13     | Identified the +0 cloak of Dramatic Exits {MR+} (You bought
                  | it in a shop on level 13 of the Dungeon)
  9602 | D:13     | Reached skill level 1 in Shields
  9617 | D:13     | Noticed Rupert
  9632 | D:13     | Killed Rupert
  9632 | D:13     | Reached skill level 3 in Shields
  9632 | D:13     | Gained mutation: You resist negative energy. (rN+) [Deep
                  | Dwarf growth]
  9632 | D:13     | Reached XP level 14. HP: 100/105 MP: 0/30
  9698 | D:13     | Reached skill level 4 in Shields
  9753 | D:13     | Found a gate to the Vaults.
  9759 | D:13     | Reached skill level 12 in Earth Magic
  9763 | D:13     | Reached skill level 13 in Earth Magic
  9809 | D:13     | Noticed Frances
  9852 | Orc:1    | Entered Level 1 of the Orcish Mines
  9878 | Orc:1    | Reached skill level 14 in Earth Magic
  9940 | Orc:1    | Reached skill level 1 in Translocations
 10156 | Orc:1    | You fall into a shaft and drop 1 floor!
 10156 | Orc:2    | Entered Level 2 of the Orcish Mines
 10157 | Orc:2    | Found a staircase to the Elven Halls.
 10187 | Orc:1    | Reached skill level 2 in Translocations
 10251 | Orc:2    | Found a roughly hewn altar of Beogh.
 10252 | Orc:2    | Found Kiwylirr's Jewellery Boutique.
 10344 | Orc:2    | Reached skill level 3 in Translocations
 10361 | Orc:2    | Noticed Saint Roka
 10373 | Orc:2    | Killed Saint Roka
 10373 | Orc:2    | Reached skill level 5 in Translocations
 10373 | Orc:2    | Reached skill level 15 in Earth Magic
 10389 | Orc:2    | Found Fihais's Antique Weapon Boutique.
 10390 | Orc:2    | Found a roughly hewn altar of Beogh.
 10392 | Orc:2    | Found Asicheol's Antique Armour Shop.
 10436 | Orc:2    | Noticed Sonja
 10439 | Orc:2    | Found Nycwad Apis's Book Shop.
 10445 | Orc:2    | Killed Sonja
 10459 | Orc:2    | Found a roughly hewn altar of Beogh.
 10504 | Orc:2    | Learned a level 4 spell: Passage of Golubria
 10535 | Orc:2    | Found a roughly hewn altar of Beogh.
 10539 | Orc:2    | Found Odomukes's Magic Scroll Boutique.
 10653 | Orc:2    | Found a roughly hewn altar of Beogh.
 10791 | Elf:1    | Entered Level 1 of the Elven Halls
 10957 | Elf:1    | Reached skill level 16 in Earth Magic
 10962 | Elf:1    | Reached XP level 15. HP: 100/111 MP: 7/31
 11018 | Elf:1    | Identified Ephejy's Collected Works on the Entourage
 11026 | Elf:1    | Noticed a Tzitzimitl
 11084 | Elf:1    | Reached skill level 17 in Earth Magic
 11392 | Elf:2    | Found an ancient bone altar of Kikubaaqudgha.
 11526 | Elf:2    | Reached skill level 18 in Earth Magic
 11587 | Elf:2    | Reached skill level 19 in Earth Magic
 11681 | Elf:2    | Found a runed translucent gate.
 11682 | Elf:2    | Found a runed translucent gate.
 11683 | Elf:2    | Found a runed translucent gate.
 11744 | Elf:2    | HP: 12/111 [+3 vorpal glaive (32)]
 11846 | D:11     | Slain by a phantasmal warrior

Illustrated notes

Levels and vault maps discovered:
D:1:      dpeg_arrival_stone_temple_mockup, layout_basic, grunt_decor_cap,
          lemuel_flame_loot_1
D:2:      layout_basic
D:3:      layout_loops_cross, uniq_robin, uniq_crazy_yiuf_cottage, uniq_natasha
D:4:      layout_gridville
D:5:      layout_rooms, minmay_temple_entry_wispy
D:6:      layout_basic, basic_altar
D:7:      layout_loops_corners, serial_shops, nicolae_shop_waterfront,
          basic_altar, nicolae_lava_and_water
D:8:      layout_loops_ring, lemuel_crystal_altar, dpeg_oklobed_lair,
          serial_shops, shop, shop_statue, st_stairs_9
D:9:      layout_grid_maze, serial_shops, kennysheep_mini, minivault_28
D:10:     minmay_opposing_rooms, layout_loops_cross, serial_shops, shop,
          nicolae_shop_behind_doors, shop_statue, shop_statue, shop, hive_lemuel
D:11:     layout_roguey
D:12:     layout_layer_cave, orc_david_3, ebering_ghost_rock_garden,
          serial_rivers, chequers_serial_rivers_micro_d,
          chequers_serial_rivers_micro_e, chequers_serial_rivers_large_a,
          chequers_serial_rivers_room_a
D:13:     layout_roguey, erik_vaults_2, serial_shops, kennysheep_little_box,
          shop, shop, uniq_frances, uniq_rupert
Temple:   compressed_dpeg_triangle_lava_temple
Lair:1:   layout_cave_pods
Lair:2:   layout_regular_city, beast_lair_carwin_1
Lair:3:   layout_roguey, dummy_snake_entry, lemuel_fruit_tree
Lair:4:   layout_cave_pods, elwin_shoals_entry_rooms, beast_lair_carwin_8,
          minmay_lair_oklob_chamber, uniq_josephine
Lair:5:   layout_hall_layers, nicolae_slime_entry_slimehenge,
          serial_bayou_crossing
Lair:6:   hangedman_lair_tendril_chambers, layout_cave_pods,
          nicolae_quartered_pool_little, serial_bayou_pond_c
Orc:1:    cheibrodos_orc_guarddog, layout_caves
Orc:2:    grunt_orc_community_town_hall, layout_caves,
          grunt_orc_community_big_house_1, grunt_orc_community_big_house_2,
          grunt_orc_community_house_3, grunt_orc_community_house_3,
          grunt_orc_community_house_2, grunt_orc_community_house_1,
          serial_shops, shop, uniq_sonja
Elf:1:    eino_elf_arrival_the_gate, layout_onion_city, minmay_elf_demonology
Elf:2:    layout_geoelf_diagonals, basic_altar, uniq_agnes

Skill      XL: |  1  2  3  4  5  6  7  8  9 10 11 12 13 14 15 |
---------------+----------------------------------------------+-----
Earth Magic    | 5 6 7 9 10 11 16 19 | 19.1
Spellcasting   | 4 5 8 10 12 | 12.3
Dodging        | 6 |  6.0
Stealth        | 6 10 | 10.3
Fighting       | 1 |  1.0
Evocations     | 8 14 | 14.1
Necromancy     | 1 11 | 11.3
Shields        | 3 4 |  4.0
Translocations | 5 |  5.0
Transmutations | |  0.8

Action                   |  1- 3 |  4- 6 |  7- 9 | 10-12 | 13-15 || total
-------------------------+-------+-------+-------+-------+-------++-------
Melee: Mace              |    27 |       |       |       |       ||    27
       Dagger            |    10 |     6 |       |     2 |       ||    18
       Falchion          |       |    22 |    75 |   198 |    66 ||   361
 Cast: Sandblast         |    29 |    69 |   102 |   121 |   303 ||   624
       Passwall          |     2 |    13 |     8 |    14 |    15 ||    52
       Stone Arrow       |       |       |    18 |   143 |    54 ||   215
       Lee's Rapid Decon |       |       |    12 |    31 |   111 ||   154
       Apportation       |       |       |       |    19 |    46 ||    65
       Sublimation of Bl |       |       |       |       |    37 ||    37
Evoke: Wand              |       |       |     2 |    22 |    65 ||    89
       Condenser vane    |       |       |       |     4 |     4 ||     8
  Use: Scroll            |       |     3 |     7 |    21 |    11 ||    42
       Potion            |       |     1 |     2 |     5 |     2 ||    10
 Stab: Sleeping          |     7 |     1 |     2 |    10 |     5 ||    25
Armor: Robe              |     9 |     2 |       |       |       ||    11
       Ring mail         |       |    18 |    35 |   175 |    53 ||   281
       Skin              |       |       |       |    13 |       ||    13
       Leather armour    |       |       |       |       |    40 ||    40
Dodge: Dodged            |    40 |    28 |   106 |   310 |   257 ||   741
       Repelled          |       |       |       |       |     9 ||     9
Block: Buckler           |       |       |       |       |    33 ||    33
       Rpst.: Falchion   |       |     3 |    33 |    88 |    56 ||   180

Table legend: (Time is in decaauts)
 A = Elapsed time spent in this place.
 B = Non-inter-level travel time spent in this place.
 C = Inter-level travel time spent in this place.
 D = Time resting spent in this place.
 E = Time spent auto-exploring this place.
 F = Levels seen in this place.
 G = Mean time per level.
                   A        B        C        D        E       F      G
               +--------+--------+--------+--------+--------+-----+--------+
         Total |  12002 |  11693 |    309 |      7 |     15 |  24 |  500.1 |
       Dungeon |   7235 |   7093 |    142 |      7 |     15 |  13 |  556.5 |
        Temple |     10 |     10 |      0 |      0 |      0 |   1 |   10.0 |
          Lair |   2774 |   2692 |     82 |      0 |      0 |   6 |  462.3 |
  Orcish Mines |    972 |    933 |     39 |      0 |      0 |   2 |  486.0 |
   Elven Halls |   1008 |    963 |     45 |      0 |      0 |   2 |  504.0 |
               +--------+--------+--------+--------+--------+-----+--------+

Top non-repeatable levels by time:
     D:9: 907 daAuts
    D:10: 822 daAuts
  Lair:6: 690 daAuts
     D:7: 690 daAuts
     D:8: 667 daAuts
   Elf:1: 615 daAuts
    D:12: 606 daAuts
   Orc:2: 588 daAuts
     D:4: 557 daAuts
     D:3: 551 daAuts
  Lair:3: 515 daAuts
    D:11: 496 daAuts
     D:1: 475 daAuts
     D:2: 445 daAuts
  Lair:2: 443 daAuts

Table legend:
 A = Kills in this place as a percentage of kills in entire the game.
 B = Kills by you in this place as a percentage of kills by you in the entire game.
 C = Kills by friends in this place as a percentage of kills by friends in the entire game.
 D = Other kills in this place as a percentage of other kills in the entire game.
 E = Experience gained in this place as a percentage of experience gained in the entire game.
 F = Experience gained in this place divided by the number of levels of this place that you have seen.
                   A       B       C       D       E      F
               +-------+-------+-------+-------+-------+----------------------
         Total | 100.0 | 100.0 | 100.0 | 100.0 | 100.0 | 5539.0
       Dungeon |  52.9 |  52.9 |   0.0 | 100.0 |  32.1 | 3284.0
          Lair |  20.8 |  20.6 | 100.0 |   0.0 |  27.0 | 5980.8
  Orcish Mines |  17.9 |  18.1 |   0.0 |   0.0 |  12.6 | 8406.5
   Elven Halls |   8.4 |   8.5 |   0.0 |   0.0 |  28.2 | 18773.5
               +-------+-------+-------+-------+-------+----------------------
